 Dungeon Crawl Stone Soup version 0.24-a0-309-g1095bcad4c (webtiles) character file.

Game seed: 2876116283655754415

14 MachJacob the Gusty (level 2, -1/15 HPs)
             Began as a Tengu Air Elementalist on May 14, 2019.
             Killed from afar by an orc wizard (8 damage)
             ... with a puff of flame
             ... on level 3 of the Dungeon.
             The game lasted 00:05:51 (2182 turns).

MachJacob the Gusty (Tengu Air Elementalist)        Turns: 2182, Time: 00:05:52

Health: -1/15      AC:  2    Str:  8    XL:     2   Next: 45%
Magic:  6/6        EV: 13    Int: 15    God:
Gold:   78         SH:  0    Dex: 14    Spells: 4/5 levels left

rFire    . . .     SeeInvis .   (no weapon)
rCold    . . .     Gourm    .   (no shield)
rNeg     . . .     Faith    .   a - +0 robe
rPois    .         Spirit   .   (helmet restricted)
rElec    .         Reflect  .   (no cloak)
rCorr    .         Harm     .   (no gloves)
MR       .....                  (boots unavailable)
Stlth    ++........             (no amulet)
HPRegen  0.05/turn              (no ring)
MPRegen  0.10/turn              (no ring)

@: no status effects
A: beak, talons 3
a: no special abilities


You were on level 3 of the Dungeon.
You were not hungry.

You visited 1 branch of the dungeon, and saw 3 of its levels.

You collected 78 gold pieces.

Inventory:

Missiles
 e - 44 stones (quivered)
 j - 2 throwing nets
Armour
 a - a +0 robe (worn)
Jewellery
 l - an uncursed ring of fire {unknown}
Scrolls
 b - a scroll of immolation {unknown}
 f - a scroll of amnesia {unknown}
 g - 2 scrolls of teleportation {unknown}
 h - a scroll of fog {unknown}
 i - a scroll of magic mapping {unknown}
 k - 3 scrolls of identify {unknown}
 r - a scroll of remove curse {unknown}
Potions
 d - a potion of flight {unknown}
 m - a potion of ambrosia {unknown}
 n - a potion of agility {unknown}
 o - a potion of brilliance {unknown}
 p - a potion of might
Comestibles
 c - a ration


   Skills:
 + Level 0.3 Fighting
 + Level 2.3 Dodging
 - Level 2.0 Stealth
 + Level 2.1 Spellcasting
 * Level 2.1 Conjurations
 * Level 4.3 Air Magic


You had 4 spell levels left.
You knew the following spells:

 Your Spells              Type           Power        Failure   Level  Hunger
a - Shock                 Conj/Air       ##..         6%          1    #......

Your spell library contained the following spells:

 Spells                   Type           Power        Failure   Level  Hunger
 Swiftness                Chrm/Air       #.......     14%         2    ###....
 Static Discharge         Conj/Air       ##......     17%         3    ###....
 Airstrike                Air            ##........   36%         4    #####..
 Lightning Bolt           Conj/Air       ##........   85%         5    ######.


Dungeon Overview and Level Annotations

Branches:
Dungeon (3/15)

Altars:

Annotations:
D:2 1 runed translucent door, Crazy Yiuf, Jessica


Innate Abilities, Weirdness & Mutations

You have a beak for a mouth.
You have claws for feet.


Message History

You see here a poisoned dart.
You climb upwards.
Level annotation: 1 runed translucent door, Crazy Yiuf, Jessica
There is a stone staircase leading down here.
You start resting.
Eating one of 3 chunks of flesh.
You eat one of the 3 chunks of flesh.
This raw flesh tastes terrible.
Magic restored.
You start resting.
All of the chunks of flesh in your inventory have rotted away.
HP restored.
You climb downwards.
An orc wizard comes into view. It is wielding a -1 dagger.
The orc wizard shouts!
The orc hits you with a +0 flail!
Ouch! That really hurt!
The crimson imp closely misses you.
The orc wizard gestures at you while chanting.
The puff of flame hits you!
Ouch! That really hurt!
You die...

##########
#..........
##...........
##..$.........
#.............
#.............
#..[o..........
#..o@.....!..?..
#....5.....)....
#####.((...........
#..................
#.#................
................[#
.##.##.......o#.###
#≈♣ ##.....(......
#.♣ ##......#.###


You could see 2 orc wizards, a crimson imp and an orc.

Vanquished Creatures
  A dart slug (D:2)
  An orc (D:3)
  2 bats (D:2)
  A giant cockroach (D:1)
  2 hobgoblins
  A frilled lizard (D:2)
  A goblin (D:1)
  2 kobolds
  A rat (D:2)
12 creatures vanquished.

Notes
Turn   | Place    | Note
-------+----------+-------------------------------------------
     0 | D:1      | MachJacob the Tengu Air Elementalist began the quest for
                  | the Orb.
     0 | D:1      | Reached XP level 1. HP: 10/10 MP: 4/4
   986 | D:2      | Noticed Jessica
  1010 | D:2      | Reached XP level 2. HP: 15/15 MP: 3/6
  1286 | D:2      | Found a runed translucent door.
  1287 | D:2      | Noticed Crazy Yiuf
  1942 | D:3      | Noticed a crimson imp
  2182 | D:3      | Killed from afar by an orc wizard

Levels and vault maps discovered:
D:1:      lightli_arrival_maybe_door_vault, layout_loops_corners,
          grunt_decor_arrowhead, minmay_misc_feat_tiny
D:2:      layout_loops_corners, minmay_misc_feat_nine_boxes,
          nrook_loot_triangle, minmay_tree_intersection, uniq_jessica,
          uniq_terence, uniq_crazy_yiuf_cottage
D:3:      layout_rooms, xom_redecorated

Skill      XL: |  1  2 |
---------------+-------+-----
Conjurations   | 2 |  2.1
Fighting       | |  0.3
Dodging        | |  2.3
Stealth        | |  2.0
Spellcasting   | |  2.1
Air Magic      | |  4.3

Action                   || total
-------------------------++-------
 Cast: Shock             ||    33
  Use: Potion            ||     2
  Eat: Chunk             ||     4
Armor: Robe              ||     2
Dodge: Dodged            ||    11

Table legend:
 A = Non-vault XP
 B = Vault XP
 C = Vault XP percentage of total XP
 D = Non-vault monster count
 E = Vault monster count
 F = Vault count percentage of total count
                 A         B        C        D         E       F
            +---------+---------+-------+---------+---------+-------
      Total |      21 |       0 |   0.0 |      12 |       0 |   0.0
            +---------+---------+-------+---------+---------+-------
        D:1 |       6 |       0 |   0.0 |       4 |       0 |   0.0
        D:2 |       9 |       0 |   0.0 |       5 |       0 |   0.0
        D:3 |       6 |       0 |   0.0 |       3 |       0 |   0.0
            +---------+---------+-------+---------+---------+-------
